ITL
OTSEGO BULLDOGS @ TRENTON STARS
06/18/2026
 
TOP OF THE 1ST
Otsego Bulldogs batting - Pitching for Trenton Stars : RHP Ki-tong Shiu
Pitching: RHP Ki-tong Shiu
Batting: LHB Mario Cornelo 0-0: Ball
1-0: Ground out 4-3 (Groundball, 4)
Batting: RHB Felipe Rego 0-0: Called Strike
0-1: Ground out 3-1 (Groundball, 34S)
Batting: LHB George Wood 0-0: Swinging Strike
0-1: Ball
1-1: Called Strike
1-2: Ground out 4-3 (Groundball, 4)
Top of the 1st over - 0 run(s), 0 hit(s), 0 error(s), 0 left on base; Otsego 0 - Trenton 0
BOTTOM OF THE 1ST
Trenton Stars batting - Pitching for Otsego Bulldogs : LHP Sam Kettley
Pitching: LHP Sam Kettley
Batting: RHB Kenji Murayama 0-0: Ball
1-0: Ball
2-0: Fly out, F8 (Flyball, 8LM)
Batting: LHB Alonzo Medine 0-0: Swinging Strike
0-1: Ground out 1-3 (Groundball, 13)
Batting: LHB Alberto Gómez 0-0: Called Strike
0-1: Ground out 1-3 (Groundball, 15)
Bottom of the 1st over - 0 run(s), 0 hit(s), 0 error(s), 0 left on base; Otsego 0 - Trenton 0
TOP OF THE 2ND
Otsego Bulldogs batting - Pitching for Trenton Stars : RHP Ki-tong Shiu
Batting: RHB Cristo García 0-0: Called Strike
0-1: Foul Ball, location: 2F
0-2: Ball
1-2: Ball
2-2: SINGLE (Popup, 9S)
Batting: RHB Jim Beck 0-0: Called Strike
0-1: Foul Ball, location: 2F
0-2: Ball
1-2: Foul Ball, location: 2F
1-2: Ball
2-2: Foul Ball, location: 2F
2-2: SINGLE (Flyball, 7LS)
Cristo García to second
Batting: RHB Armando Cuevas 0-0: Foul Ball, location: 2F
0-1: Fly out, F5 (Popup, 25)
Batting: RHB Juan Pérez 0-0: Ball
1-0: Grounds into double play, 6-4-3 (Groundball, 56)
Top of the 2nd over - 0 run(s), 2 hit(s), 0 error(s), 1 left on base; Otsego 0 - Trenton 0
BOTTOM OF THE 2ND
Trenton Stars batting - Pitching for Otsego Bulldogs : LHP Sam Kettley
Batting: SHB Rafael Villa 0-0: Ground out 4-3 (Groundball, 4)
Batting: RHB Rafael Canales 0-0: Ball
1-0: Called Strike
1-1: Foul Ball, location: 2F
1-2: Ball
2-2: Foul Ball, location: 2F
2-2: Strikes out swinging
Batting: LHB Felipe Guerrero 0-0: Called Strike
0-1: Foul Ball, location: 2F
0-2: Ball
1-2: Ball
2-2: Strikes out swinging
Bottom of the 2nd over - 0 run(s), 0 hit(s), 0 error(s), 0 left on base; Otsego 0 - Trenton 0
TOP OF THE 3RD
Otsego Bulldogs batting - Pitching for Trenton Stars : RHP Ki-tong Shiu
Batting: RHB Raúl Bauza 0-0: Ball
1-0: Ball
2-0: Called Strike
2-1: SINGLE (Groundball, 6MD)
Batting: LHB Martin Davis 0-0: Ball
1-0: Foul Ball, location: 2F
1-1: Swinging Strike
1-2: Ground out 3-1 (Groundball, 34S)
Raúl Bauza to second
Batting: LHB Mario Cornelo 0-0: Called Strike
0-1: Ball
1-1: Ground out 1-3 (Groundball, 13S)
Raúl Bauza to third
Batting: RHB Felipe Rego 0-0: Ball
1-0: Ball
2-0: Ball
3-0: Base on Balls
Batting: LHB George Wood 0-0: Swinging Strike
0-1: Fly out, F9 (Flyball, 9M)
Top of the 3rd over - 0 run(s), 1 hit(s), 0 error(s), 2 left on base; Otsego 0 - Trenton 0
BOTTOM OF THE 3RD
Trenton Stars batting - Pitching for Otsego Bulldogs : LHP Sam Kettley
Batting: RHB Nick Bowman 0-0: Called Strike
0-1: Foul Ball, location: 2F
0-2: Strikes out swinging
Batting: LHB Ju-wei Shiu 0-0: Ball
1-0: Ball
2-0: Called Strike
2-1: Foul Ball, location: 2F
2-2: Ground out 1-3 (Groundball, 25)
Batting: RHB Chris Cole 0-0: Reached on error, E6 (Groundball, 6)
Batting: RHB Kenji Murayama 0-0: Called Strike
0-1: Foul Ball, location: 2F
0-2: Strikes out swinging
Bottom of the 3rd over - 0 run(s), 0 hit(s), 1 error(s), 1 left on base; Otsego 0 - Trenton 0
TOP OF THE 4TH
Otsego Bulldogs batting - Pitching for Trenton Stars : RHP Ki-tong Shiu
Batting: RHB Cristo García 0-0: Ball
1-0: Swinging Strike
1-1: SINGLE (Groundball, 5D)
Batting: RHB Jim Beck 0-0: Ball
1-0: Called Strike
1-1: DOUBLE (Line Drive, 78S)
Cristo García to third
Batting: RHB Armando Cuevas 0-0: SINGLE (Line Drive, 89S)
Cristo García scores
Jim Beck to third
Batting: RHB Juan Pérez 0-0: SINGLE (Line Drive, 78M)
Jim Beck scores
Armando Cuevas to second
Batting: RHB Raúl Bauza 0-0: Called Strike
0-1: Ball
1-1: Called Strike
1-2: Foul Ball, location: 2F
1-2: Ball
2-2: Ball
3-2: DOUBLE (Flyball, 8LXD)
Armando Cuevas scores
Juan Pérez to third
Pitching: LHP Michael Puckett
Batting: LHB Martin Davis 0-0: Called Strike
0-1: Ball
1-1: Ball
2-1: Ball
3-1: DOUBLE (Flyball, 89M)
Juan Pérez scores
Raúl Bauza scores
Batting: LHB Mario Cornelo 0-0: Ball
1-0: Called Strike
1-1: Fly out, F5 (Popup, 5)
Batting: RHB Felipe Rego 0-0: Ball
1-0: Ball
2-0: Ball
3-0: Base on Balls
Batting: LHB George Wood 0-0: Called Strike
0-1: Ball
1-1: Ball
2-1: Swinging Strike
2-2: Foul Ball, location: 2F
2-2: Ball
3-2: Base on Balls
Martin Davis to third
Felipe Rego to second
Batting: RHB Cristo García 0-0: Ground out U3 (Groundball, 3S)
Martin Davis scores
Felipe Rego to third
George Wood to second
Batting: RHB Jim Beck 0-0: Ball
1-0: Called Strike
1-1: Swinging Strike
1-2: Ball
2-2: Ball
3-2: Foul Ball, location: 2F
3-2: Base on Balls
Batting: RHB Armando Cuevas 0-0: Called Strike
0-1: Ball
1-1: Fly out, F7 (Flyball, 78D)
Top of the 4th over - 6 run(s), 6 hit(s), 0 error(s), 3 left on base; Otsego 6 - Trenton 0
BOTTOM OF THE 4TH
Trenton Stars batting - Pitching for Otsego Bulldogs : LHP Sam Kettley
Batting: LHB Alonzo Medine 0-0: Foul Ball, location: 2F
0-1: Ball
1-1: Foul Ball, location: 2F
1-2: Ball
2-2: Ball
3-2: Strikes out swinging
Batting: LHB Alberto Gómez 0-0: Ball
1-0: Ball
2-0: Ground out 4-3 (Groundball, 34)
Batting: SHB Rafael Villa 0-0: Ball
1-0: Foul Ball, location: 2F
1-1: Swinging Strike
1-2: TRIPLE (Line Drive, 8LM)
Batting: RHB Rafael Canales 0-0: Ball
1-0: Ball
2-0: Called Strike
2-1: Ground out 5-3 (Groundball, 5S)
Bottom of the 4th over - 0 run(s), 1 hit(s), 0 error(s), 1 left on base; Otsego 6 - Trenton 0
TOP OF THE 5TH
Otsego Bulldogs batting - Pitching for Trenton Stars : LHP Michael Puckett
Batting: RHB Juan Pérez 0-0: Called Strike
0-1: Called Strike
0-2: Ball
1-2: SINGLE (Line Drive, 4MD)
Batting: RHB Raúl Bauza 0-0: Called Strike
0-1: Ball
1-1: Ball
2-1: Called Strike
2-2: Ball
3-2: Base on Balls
Juan Pérez to second
Batting: LHB Martin Davis 0-0: Ball
1-0: Ball
2-0: Fly out, F7 (Flyball, 7LM)
Pitching: RHP Alfredo Ruíz
Batting: LHB Mario Cornelo 0-0: Called Strike
0-1: Ball
1-1: 3-RUN HOME RUN (Flyball, 89XD), Distance : 404 ft
Batting: RHB Felipe Rego 0-0: Ball
1-0: Ball
2-0: Ball
3-0: Base on Balls
Batting: LHB George Wood 0-0: Ball
1-0: Ball
2-0: Foul Ball, location: 2F
2-1: Ball
3-1: Foul Ball, location: 2F
3-2: Base on Balls
Felipe Rego to second
Batting: RHB Cristo García 0-0: Ball
1-0: Grounds into double play, 6-4-3 (Groundball, 6)
Top of the 5th over - 3 run(s), 2 hit(s), 0 error(s), 1 left on base; Otsego 9 - Trenton 0
BOTTOM OF THE 5TH
Trenton Stars batting - Pitching for Otsego Bulldogs : LHP Sam Kettley
Batting: LHB Felipe Guerrero 0-0: Swinging Strike
0-1: Called Strike
0-2: Strikes out looking
Batting: RHB Nick Bowman 0-0: Called Strike
0-1: Ball
1-1: Ball
2-1: Bunted foul
2-2: Foul Ball, location: 2F
2-2: Foul Ball, location: 2F
2-2: Reached on error, E6 (Groundball, 6M)
Batting: LHB Ju-wei Shiu 0-0: Ball
1-0: Ball
2-0: Called Strike
2-1: Ball
3-1: Base on Balls
Nick Bowman to second
Batting: RHB Chris Cole 0-0: Ball
1-0: Called Strike
1-1: Foul Ball, location: 2F
1-2: Fly out, F9 (Flyball, 89M)
Batting: RHB Kenji Murayama 0-0: Called Strike
0-1: Ball
1-1: Foul Ball, location: 2F
1-2: Ball
2-2: SINGLE (Flyball, 8RS)
Nick Bowman to third
Ju-wei Shiu to second
Runner from 3rd tries for Home, SAFE, no throw or cutoff
Batting: LHB Alonzo Medine 0-0: Ball
1-0: Ball
2-0: Called Strike
2-1: Foul Ball, location: 2F
2-2: Foul Ball, location: 2F
2-2: Fly out, F4 (Line Drive, 4)
Bottom of the 5th over - 1 run(s), 1 hit(s), 1 error(s), 2 left on base; Otsego 9 - Trenton 1
TOP OF THE 6TH
Otsego Bulldogs batting - Pitching for Trenton Stars : RHP Alfredo Ruíz
Batting: RHB Jim Beck 0-0: Called Strike
0-1: Foul Ball, location: 2F
0-2: Foul Ball, location: 2F
0-2: Ball
1-2: SINGLE (Groundball, 4D)
Batting: RHB Armando Cuevas 0-0: Foul Ball, location: 2F
0-1: DOUBLE (Groundball, 5L)
Jim Beck to third
Batting: RHB Juan Pérez 0-0: Ball
1-0: Ball
2-0: Ground out 5-3 (Groundball, 5S)
Batting: RHB Raúl Bauza 0-0: Foul Ball, location: 2F
0-1: Foul Ball, location: 2F
0-2: Ball
1-2: Foul Ball, location: 2F
1-2: Strikes out swinging
Batting: LHB Martin Davis 0-0: Foul Ball, location: 2F
0-1: Ball
1-1: Ball
2-1: Ball
3-1: Base on Balls
Batting: LHB Mario Cornelo 0-0: Foul Ball, location: 2F
0-1: SINGLE (Groundball, 56D)
Jim Beck scores
Armando Cuevas to third
Martin Davis to second
Runner from 3rd tries for Home, SAFE, no throw or cutoff
Batting: RHB Felipe Rego 0-0: Ball
1-0: Ball
2-0: Ground out 5-3 (Groundball, 5S)
Top of the 6th over - 2 run(s), 3 hit(s), 0 error(s), 2 left on base; Otsego 11 - Trenton 1
BOTTOM OF THE 6TH
Trenton Stars batting - Pitching for Otsego Bulldogs : LHP Sam Kettley
Batting: LHB Alberto Gómez 0-0: Fly out, F8 (Popup, 8LS)
Batting: SHB Rafael Villa 0-0: Ball
1-0: Called Strike
1-1: Fly out, F9 (Flyball, 89S)
Batting: RHB Rafael Canales 0-0: Swinging Strike
0-1: Ball
1-1: Swinging Strike
1-2: Strikes out swinging
Bottom of the 6th over - 0 run(s), 0 hit(s), 0 error(s), 0 left on base; Otsego 11 - Trenton 1
TOP OF THE 7TH
Otsego Bulldogs batting - Pitching for Trenton Stars : RHP Alfredo Ruíz
Pitching: RHP Gilberto Martínez
Batting: LHB George Wood 0-0: Called Strike
0-1: Foul Ball, location: 2F
0-2: Ball
1-2: Foul Ball, location: 2F
1-2: Foul Ball, location: 2F
1-2: SINGLE (Line Drive, 8RS)
Batting: RHB Cristo García 0-0: Called Strike
0-1: Called Strike
0-2: Ball
1-2: Ball
2-2: Grounds into double play, 6-4-3 (Groundball, 6)
Batting: RHB Jim Beck 0-0: Ball
1-0: Called Strike
1-1: Foul Ball, location: 2F
1-2: Ball
2-2: Strikes out swinging
Top of the 7th over - 0 run(s), 1 hit(s), 0 error(s), 0 left on base; Otsego 11 - Trenton 1
BOTTOM OF THE 7TH
Trenton Stars batting - Pitching for Otsego Bulldogs : LHP Sam Kettley
Pitching: LHP Esteban Santos
Batting: LHB Felipe Guerrero 0-0: Called Strike
0-1: Ball
1-1: Swinging Strike
1-2: Ball
2-2: Ball
3-2: Foul Ball, location: 2F
3-2: Fly out, F3 (Popup, 34)
Batting: RHB Nick Bowman 0-0: Foul Ball, location: 2F
0-1: Called Strike
0-2: Foul Ball, location: 2F
0-2: Ground out 6-3 (Groundball, 6)
Batting: LHB Ju-wei Shiu 0-0: Ball
1-0: Ball
2-0: Ball
3-0: Called Strike
3-1: Ground out 1-3 (Groundball, 25)
Bottom of the 7th over - 0 run(s), 0 hit(s), 0 error(s), 0 left on base; Otsego 11 - Trenton 1
TOP OF THE 8TH
Otsego Bulldogs batting - Pitching for Trenton Stars : RHP Gilberto Martínez
Batting: RHB Armando Cuevas 0-0: Called Strike
0-1: Called Strike
0-2: Ball
1-2: Ball
2-2: Foul Ball, location: 2F
2-2: Foul Ball, location: 2F
2-2: Ball
3-2: Foul Ball, location: 2F
3-2: Foul Ball, location: 2F
3-2: Foul Ball, location: 2F
3-2: Foul Ball, location: 2F
3-2: Foul Ball, location: 2F
3-2: Base on Balls
Pitching: RHP Jonathan Booker
Batting: RHB Juan Pérez 0-0: Ball
1-0: Called Strike
1-1: Foul Ball, location: 2F
1-2: Grounds into double play, 5-4-3 (Groundball, 5)
Batting: RHB Raúl Bauza 0-0: Ball
1-0: Called Strike
1-1: Ball
2-1: Foul Ball, location: 2F
2-2: Ball
3-2: SOLO HOME RUN (Flyball, 9D), Distance : 344 ft
Batting: LHB Martin Davis 0-0: Called Strike
0-1: DOUBLE (Line Drive, 7LS)
Batting: LHB Mario Cornelo 0-0: DOUBLE (Groundball, 5L)
Martin Davis scores
Batting: RHB Felipe Rego 0-0: Called Strike
0-1: Ball
1-1: SINGLE (Line Drive, 3D)
Mario Cornelo to third
Runner from 3rd tries for Home, SAFE, no throw or cutoff
Batting: LHB George Wood
Pinch Hitting: RHB Jesús Tisnado 0-0: Ball
1-0: Swinging Strike
1-1: SINGLE (Line Drive, 4MD)
Felipe Rego to second
Batting: RHB Cristo García 0-0: Called Strike
0-1: SINGLE (Groundball, 25) (infield hit)
Felipe Rego to third
Jesús Tisnado to second
Pitching: LHP Luis Guevara
Pinch Hitting: RHB Pablo Morán 0-0: Fly out, F8 (Flyball, 89D)
Top of the 8th over - 3 run(s), 6 hit(s), 0 error(s), 3 left on base; Otsego 14 - Trenton 1
BOTTOM OF THE 8TH
Trenton Stars batting - Pitching for Otsego Bulldogs : LHP Esteban Santos
Now at 1B: Jesús Tisnado
Now in LF: Ichizo Akiyama
Batting: RHB Chris Cole 0-0: SINGLE (Groundball, 6MD)
Batting: RHB Kenji Murayama 0-0: Ball
1-0: Fly out, F8 (Flyball, 8RM)
Batting: LHB Alonzo Medine 0-0: Swinging Strike
0-1: Swinging Strike
0-2: Strikes out swinging
Batting: LHB Alberto Gómez 0-0: Ball
1-0: Ball
2-0: Foul Ball, location: 2F
2-1: Foul Ball, location: 2F
2-2: Ball
3-2: DOUBLE (Line Drive, 89D)
Chris Cole to third
Chris Cole scores
Batting: SHB Rafael Villa 0-0: Ball
1-0: Foul Ball, location: 2F
1-1: Foul Ball, location: 2F
1-2: Ball
2-2: Ground out 4-3 (Groundball, 4)
Bottom of the 8th over - 1 run(s), 2 hit(s), 0 error(s), 1 left on base; Otsego 14 - Trenton 2
TOP OF THE 9TH
Otsego Bulldogs batting - Pitching for Trenton Stars : LHP Luis Guevara
Pitching: RHP Juan Vázquez
Batting: RHB Armando Cuevas 0-0: Called Strike
0-1: Ball
1-1: Ball
2-1: Ground out 5-3 (Groundball, 56)
Batting: RHB Juan Pérez 0-0: SINGLE (Line Drive, 4MD)
Batting: RHB Raúl Bauza 0-0: Called Strike
0-1: Swinging Strike
0-2: Ball
1-2: Hit by Pitch
Juan Pérez to second
Batting: LHB Martin Davis 0-0: Ball
1-0: Called Strike
1-1: Grounds into double play, 6-4-3 (Groundball, 6M)
Top of the 9th over - 0 run(s), 1 hit(s), 0 error(s), 1 left on base; Otsego 14 - Trenton 2
BOTTOM OF THE 9TH
Trenton Stars batting - Pitching for Otsego Bulldogs : LHP Esteban Santos
Now at 2B: Kyung-bok Cho
Batting: RHB Rafael Canales 0-0: Ball
1-0: Called Strike
1-1: Ball
2-1: Ground out 5-3 (Groundball, 56)
Batting: LHB Felipe Guerrero 0-0: Swinging Strike
0-1: Swinging Strike
0-2: Fly out, F9 (Flyball, 89M)
Batting: RHB Nick Bowman 0-0: Foul Ball, location: 2F
0-1: Called Strike
0-2: Ball
1-2: Ball
2-2: Ball
3-2: Fly out, F8 (Line Drive, 89M)
Bottom of the 9th over - 0 run(s), 0 hit(s), 0 error(s), 0 left on base; Otsego 14 - Trenton 2
Monday, December 5th, 2016 - OOTP Baseball 17.12 Build 75